 Dungeon Crawl Stone Soup version 0.31-a0-851-g7ff8af7976 (webtiles) character file.

Game seed: 16201222944749421948

16 BinkBink the Grasshopper (level 2, 0/15 HPs)
             Began as a Spriggan Warper on Oct 6, 2023.
             Slain by a worm (7 damage)
             ... on level 2 of the Dungeon.
             The game lasted 00:01:01 (807 turns).

BinkBink the Grasshopper (Spriggan Warper)           Turns: 807, Time: 00:01:02

Health: 0/15       AC:  2    Str:  7    XL:     2   Next: 41%
Magic:  6/6        EV: 17    Int: 14    God:
Gold:   61         SH:  0    Dex: 14    Spells: 6/6 levels left

rFire   . . .        a - +0 short sword
rCold   . . .        (no shield)
rNeg    . . .        b - +0 robe
rPois   .            (helmet restricted)
rElec   .            (no cloak)
rCorr   .            (gloves unavailable)
SInv    +            (boots unavailable)
Will    .....        (no amulet)
Stlth   ++           (no ring)
HPRegen 0.22/turn    (no ring)
MPRegen 0.10/turn

%: no passive effects
@: very quick
A: very small, no large weapons, unfitting armour, see invisible, speed 3
a: no special abilities


You were on level 2 of the Dungeon.
You visited 1 branch of the dungeon, and saw 2 of its levels.

You collected 61 gold pieces.

Inventory:

Hand Weapons
 a - a +0 short sword (weapon)
Missiles
 d - 7 darts of dispersal (quivered)
Armour
 b - a +0 robe (worn)
Scrolls
 c - a scroll of blinking
 f - a scroll of silence {unknown}
 g - 3 scrolls of immolation {unknown}
 h - a scroll of vulnerability {unknown}
Potions
 e - a potion of lignification {unknown}
 i - a potion of might {unknown}


   Skills:
 + Level 1.8 Fighting
 + Level 2.5 Short Blades
 - Level 1.0 Throwing
 + Level 3.5 Dodging
 + Level 1.5 Stealth
 - Level 2.6 Spellcasting
 - Level 4.4 Translocations


You had 6 spell levels left.
You didn't know any spells.
Your spell library contained the following spells:

 Spells                   Type           Power      Damage    Failure   Level
 Blink                    Tloc           28%        N/A       5%          2
 Lesser Beckoning         Tloc           28%        N/A       5%          2
 Teleport Other           Tloc           14%        N/A       11%         3
 Manifold Assault         Tloc           14%        N/A       36%         4
 Vhi's Electric Charge    Tloc/Air       16%        N/A       65%         4


Dungeon Overview and Level Annotations

Branches:
Dungeon (2/15)

Altars:


Innate Abilities, Weirdness & Mutations

You are very small and have problems with some larger weapons.
You are too small for most types of armour.
You have supernaturally acute eyesight. (SInv)
You cover ground extremely quickly. (Speed+++)


Message History

No target in view!
There is an open door here.
There is a stone staircase leading down here.
You climb downwards.
There is a stone staircase leading up here.
A ball python is nearby!
A ball python is nearby!
A giant cockroach comes into view.
A bat comes into view.
A ball python comes into view.
The ball python hisses angrily. x2
You hit the ball python.
The ball python is moderately wounded.
The ball python closely misses you. The ball python misses you.
The ball python bites you but does no damage.
The ball python misses you.
A worm comes into view.
You hit the ball python but do no damage.
The ball python is moderately wounded.
The ball python bites you. The ball python closely misses you.
The ball python bites you. The ball python closely misses you.
You hit the ball python.
You kill the ball python!
The bat closely misses you. The giant cockroach barely misses you.
The ball python bites you. The ball python grabs you.
The ball python constricts you.
You hit the ball python.
The ball python is moderately wounded.
The bat hits you but does no damage.
The giant cockroach bites you but does no damage.
The ball python bites you. The ball python constricts you.
You hit the ball python.
You kill the ball python!
The giant cockroach barely misses you.
You hit the bat but do no damage. The bat barely misses you.
The giant cockroach misses you.
You hit the worm.
The worm is moderately wounded.
The giant cockroach bites you. The worm bites you!
You die...

###.## ###.....
....... ....# #
#..#### ###.
#.....#####. .....
##...<.......
#.....##...##.######
#..b@.### .#
#.#.wB.# .# #....#
.# #.....# .#
...#...# .#
#.###...# .# #.
#...# # #...#


You could see a worm, a giant cockroach and a bat.

Vanquished Creatures
  6 ball pythons
  A bat (D:1)
  4 goblins (D:1)
  A quokka (D:1)
  A frilled lizard (D:1)
  A rat (D:1)
14 creatures vanquished.

Notes
Turn   | Place    | Note
-------+----------+-------------------------------------------
     0 | D:1      | BinkBink the Spriggan Warper began the quest for the Orb.
     0 | D:1      | Reached XP level 1. HP: 10/10 MP: 5/5
   190 | D:1      | Reached skill level 1 in Stealth
   385 | D:1      | Reached XP level 2. HP: 15/15 MP: 6/6
   807 | D:2      | Slain by a worm

Illustrated notes

Levels and vault maps discovered:
D:1:      tarquinn_simple_flora_water_c, layout_basic, minmay_unequal
D:2:      layout_loops_ring, serial_shops, nicolae_shop_back_alley_shop,
          nicolae_shop_industrial_runoff, nicolae_shop_tiny_glass,
          nicolae_shop_behind_doors, shop, minmay_misc_feat_tiny,
          minmay_bisected

Skill      XL: |  1 |
---------------+----+-----
Stealth        | 1 |  1.5
Fighting       | |  1.8
Short Blades   | |  2.5
Throwing       | |  1.0
Dodging        | |  3.5
Spellcasting   | |  2.6
Translocations | |  4.4

Action                     || total
---------------------------++-------
  Melee: Short sword       ||    40
 Armour: Robe              ||    22
  Dodge: Dodged            ||    27

Table legend: (Time is in decaauts)
 A = Elapsed time spent in this place.
 B = Non-inter-level travel time spent in this place.
 C = Inter-level travel time spent in this place.
 D = Time resting spent in this place.
 E = Time spent auto-exploring this place.
 F = Levels seen in this place.
 G = Mean time per level.
                   A        B        C        D        E       F      G
               +--------+--------+--------+--------+--------+-----+--------+
         Total |    530 |    507 |     23 |      0 |    426 |   2 |  265.0 |
       Dungeon |    530 |    507 |     23 |      0 |    426 |   2 |  265.0 |
               +--------+--------+--------+--------+--------+-----+--------+

Top non-repeatable levels by time:
     D:1: 521 daAuts
     D:2: 8 daAuts
